 Dungeon Crawl Stone Soup version 0.27-a0-988-g25969acef8 (webtiles) character file.

Game seed: 12704864429104295910

290 tardwrangler69 the Chiller (level 6, -2/41 HPs)
             Began as a Merfolk Ice Elementalist on Apr 16, 2021.
             Was an Initiate of Vehumet.
             Slain by an orc
             ... wielding a +0 trident
              (6 damage)
             ... on level 4 of the Dungeon.
             The game lasted 00:06:36 (5741 turns).

tardwrangler69 the Chiller (MfIE)                   Turns: 5741, Time: 00:06:36

Health: -2/41      AC:  3    Str:  7 (9)  XL:     6   Next: 32%
Magic:  11/11      EV: 11    Int: 14 (16) God:    Vehumet [......]
Gold:   108        SH:  4    Dex: 13 (14) Spells: 5/12 levels left

rFire    . . .     SeeInvis .   j - +0 spear
rCold    . . .     Faith    .   r - +0 buckler
rNeg     . . .     Spirit   .   f - +0 leather armour
rPois    .         Reflect  .   (no helmet)
rElec    .         Harm     .   (no cloak)
rCorr    .         Rampage  .   (no gloves)
Will     .....                  (no boots)
Stlth    ++........             (no amulet)
HPRegen  0.13/turn              (no ring)
MPRegen  0.12/turn              (no ring)

@: no status effects
A: (nimble swimmer 2), mertail
a: Renounce Religion


You were on level 4 of the Dungeon.
You worshipped Vehumet.
Vehumet was noncommittal.
You visited 2 branches of the dungeon, and saw 5 of its levels.

You collected 153 gold pieces.
You spent 45 gold pieces at shops.

Inventory:

Hand Weapons
 j - a +0 spear (weapon)
Armour
 f - a +0 leather armour (worn)
 r - a +0 buckler (worn)
Jewellery
 h - a ring of see invisible
 n - an amulet of regeneration
Wands
 o - a wand of flame (13)
Scrolls
 b - a scroll of vulnerability {unknown}
 c - 2 scrolls of blinking {unknown}
 e - 5 scrolls of identify {unknown}
 g - a scroll of noise {unknown}
 l - a scroll of magic mapping {unknown}
 m - a scroll of holy word {unknown}
 q - a scroll of amnesia {unknown}
Potions
 a - a potion of lignification {unknown}
 d - a potion of brilliance {unknown}
 i - a potion of might {unknown}
 p - a potion of curing {unknown}
 s - a potion of heal wounds {unknown}


   Skills:
 - Level 2.6 Dodging
 - Level 2.1 Stealth
 + Level 1.4 Shields
 + Level 3.6 Spellcasting
 * Level 6.9 Ice Magic


You had 5 spell levels left.
You knew the following spells:

 Your Spells              Type           Power      Damage    Failure   Level
a - Freeze                Ice            84%        1d10      2%          1
b - Frozen Ramparts       Ice            42%        1d6       7%          3
c - Ozocubu's Armour      Ice            21%        N/A       7%          3

Your spell library contained the following spells:

 Spells                   Type           Power      Damage    Failure   Level
 Animate Skeleton         Necr           4%         N/A       38%         1
 Apportation              Tloc           4%         N/A       38%         1
 Corona                   Hex            2%         N/A       38%         1
 Summon Small Mammal      Summ           8%         N/A       38%         1
 Hailstorm                Conj/Ice       12%        3d5       69%         4
 Metabolic Englaciation   Hex/Ice        6%         N/A       95%         5


Dungeon Overview and Level Annotations

Branches:
Dungeon (4/15)             Temple (1/1) D:4

Altars:
Ashenzari
Dithmenos
Elyvilon
Fedhas
Gozag
Hepliaklqana
Kikubaaqudgha
Makhleb
Nemelex Xobeh
Okawaru
Qazlal
Trog
Uskayaw
Vehumet
Wu Jian
Xom
Zin
The Shining One

Shops:
D:1 *   D:3 [


Innate Abilities, Weirdness & Mutations

((You are quick and stealthy near water. (Stealth+, EV+, Speed+++)))
Your lower body shifts to a powerful aquatic tail in water.


Message History

An orc comes into view. It is wielding a +0 short sword.
The orc shouts! x2
The orc priest invokes the aid of Beogh against you.
Beogh smites you!
A goblin comes into view. It is wielding a +0 club.
The goblin shouts!
The orc hits you from afar with a +0 trident!
You hit the orc.
The orc is lightly wounded.
The orc closely misses you. The orc hits you but does no damage.
You hit the orc.
The orc is heavily wounded.
The orc barely misses you. The orc closely misses you.
You hit the orc.
You kill the orc!
Vehumet accepts your kill. The orc closely misses you.
You hit the orc but do no damage. The orc hits you but does no damage.
The orc hits you with a +0 war axe!
* * * LOW HITPOINT WARNING * * *
The orc hits you from afar with a +0 trident!
* * * LOW HITPOINT WARNING * * *
You are too injured to fight recklessly!
You are too injured to fight recklessly!
You are too injured to fight recklessly!
You are too injured to fight recklessly!
You are too injured to fight recklessly!
You are too injured to fight recklessly!
You are too injured to fight recklessly!
You are too injured to fight recklessly!
You are too injured to fight recklessly!
You are too injured to fight recklessly!
You are too injured to fight recklessly!
It was a potion of degeneration.
There was something very wrong with that liquid.
You feel weakened.
You feel dopey.
You feel clumsy. The orc misses you.
The orc priest miscasts a cantrip.
The orc hits you from afar with a +0 trident.
You die...

#.##........###..#
#######.##.............#
#.......................
#.......#########.....#.
#.......# #.....#.
#######.# #.....## #.#
#.....# #.# #.....# #@#
#..... #o# #.....


ooo ..g.. ....... ......... ........... #............ You could see an orc
priest, 3 orcs and a goblin.

Vanquished Creatures
  An ogre (D:4)
  A hound (D:4)
  An orc priest (D:4)
  An orc wizard (D:3)
  4 gnolls (D:2)
  An adder (D:2)
  A dart slug (D:1)
  4 orcs
  6 ball pythons
  6 endoplasms
  4 giant cockroaches
  10 goblins
  6 hobgoblins
  4 jackals (D:1)
  2 quokkas
  6 bats
  2 frilled lizards (D:2)
  4 kobolds
  2 rats (D:1)
66 creatures vanquished.

Notes
Turn   | Place    | Note
-------+----------+-------------------------------------------
     0 | D:1      | tardwrangler69 the Merfolk Ice Elementalist began the quest
                  | for the Orb.
     0 | D:1      | Reached XP level 1. HP: 13/13 MP: 3/3
   130 | D:1      | Found Uluriyc's Assorted Antiques.
   721 | D:1      | Reached XP level 2. HP: 12/19 MP: 5/5
  1046 | D:1      | Reached skill level 5 in Ice Magic
  1484 | D:1      | Reached XP level 3. HP: 24/24 MP: 6/6
  2087 | D:2      | Found a blossoming altar of Fedhas.
  2767 | D:2      | Reached XP level 4. HP: 28/30 MP: 4/8
  3439 | D:2      | Reached skill level 6 in Ice Magic
  3543 | D:2      | Learned a level 3 spell: Frozen Ramparts
  3547 | D:2      | Learned a level 3 spell: Ozocubu's Armour
  3656 | D:3      | Found Newuax's Armour Shop.
  4143 | D:3      | Reached XP level 5. HP: 35/35 MP: 3/9
  4378 | D:3      | Found a faded altar of an unknown god.
  4842 | D:3      | Bought a +0 buckler for 45 gold pieces
  4867 | D:4      | Noticed an ogre
  4887 | D:4      | Killed an ogre
  4888 | D:4      | Reached skill level 1 in Shields
  4888 | D:4      | Reached XP level 6. HP: 6/41 MP: 4/11
  5200 | D:4      | Found a staircase to the Ecumenical Temple.
  5414 | Temple   | Entered the Ecumenical Temple
  5683 | Temple   | Became a worshipper of Vehumet
  5741 | D:4      | Slain by an orc

Illustrated notes

Levels and vault maps discovered:
D:1:      minmay_arrival_up_and_down, layout_loops_ring, serial_shops, shop
D:2:      wad_crossroads, layout_basic, basic_altar
D:3:      layout_loops_cross, serial_shops, shop,
          hellmonk_ecumenical_altar_lost_god, kennysheep_generic_room_7
D:4:      layout_basic, kennysheep_orc_sif_temple,
          minmay_temple_entry_proselytizer, uniq_natasha
Temple:   dpeg_five_rooms_temple

Skill      XL: |  1  2  3  4  5 |
---------------+----------------+-----
Ice Magic      | 5 6 |  6.9
Spellcasting   | 3 |  3.6
Shields        | 1 |  1.4
Dodging        | |  2.6
Stealth        | |  2.1

Action                   |  1- 3 |  4- 6 || total
-------------------------+-------+-------++-------
Melee: Unarmed           |    42 |       ||    42
       Dagger            |   128 |    16 ||   144
       Spear             |       |    69 ||    69
 Cast: Freeze            |    29 |    29 ||    58
       Frozen Ramparts   |       |     2 ||     2
       Ozocubu's Armour  |       |     1 ||     1
  Use: Potion            |       |     1 ||     1
 Stab: Sleeping          |     5 |       ||     5
Armor: Robe              |    26 |       ||    26
       Leather armour    |    16 |    22 ||    38
Dodge: Dodged            |   156 |    62 ||   218
Block: Buckler           |       |     5 ||     5

Table legend: (Time is in decaauts)
 A = Elapsed time spent in this place.
 B = Non-inter-level travel time spent in this place.
 C = Inter-level travel time spent in this place.
 D = Time resting spent in this place.
 E = Time spent auto-exploring this place.
 F = Levels seen in this place.
 G = Mean time per level.
                   A        B        C        D        E       F      G
               +--------+--------+--------+--------+--------+-----+--------+
         Total |   5751 |   5574 |    177 |    204 |   4672 |   5 | 1150.2 |
       Dungeon |   5446 |   5361 |     85 |    204 |   4461 |   4 | 1361.5 |
        Temple |    304 |    212 |     92 |      0 |    211 |   1 |  304.0 |
               +--------+--------+--------+--------+--------+-----+--------+

Top non-repeatable levels by time:
     D:1: 2022 daAuts
     D:2: 1945 daAuts
     D:3: 887 daAuts
     D:4: 591 daAuts
  Temple: 304 daAuts
